 Dungeon Crawl Stone Soup version 0.29-a0-892-g2c4c91d9db (webtiles) character file.

Game seed: 6252634677306303787

231 flyleaff the Caller (level 5, -15/28 HPs)
             Began as a Deep Elf Summoner on July 23, 2022.
             Demolished by an ogre
             ... wielding a +0 giant club
              (22 damage)
             ... on level 4 of the Dungeon.
             The game lasted 00:16:59 (4109 turns).

flyleaff the Caller (Deep Elf Summoner)             Turns: 4109, Time: 00:16:59

Health: -15/28     AC:  3    Str: 11    XL:     5   Next: 72%
Magic:  12/14      EV: 12    Int: 22    God:
Gold:   182        SH:  0    Dex: 15    Spells: 1/14 levels left

rFire   . . .      SeeInvis .   k - +1 dagger (venom)
rCold   . . .      Faith    .   (no shield)
rNeg    . . .      Spirit   .   a - +0 robe
rPois   .          Reflect  .   h - +0 helmet
rElec   .          Harm     .   (no cloak)
rCorr   .          Rampage  .   (no gloves)
Will    .....                   (no boots)
Stlth   ++........              (no amulet)
HPRegen 0.09/turn               p - +6 ring of strength
MPRegen 0.14/turn               (no ring)

@: no status effects
A: no striking features
a: no special abilities


You were on level 4 of the Dungeon.
You visited 1 branch of the dungeon, and saw 4 of its levels.

You collected 182 gold pieces.

Inventory:

Hand Weapons
 k - a +1 dagger of venom (weapon)
Missiles
 g - 3 boomerangs of dispersal
Armour
 a - a +0 robe (worn)
 h - a +0 helmet (worn)
Jewellery
 p - a +6 ring of strength (left hand)
Wands
 n - a wand of roots (8)
Scrolls
 c - a scroll of immolation
 e - a scroll of magic mapping
Potions
 b - 2 potions of magic
 f - 2 potions of degeneration {unknown}
 i - a potion of experience {unknown}
 j - a potion of curing {unknown}
 o - a potion of haste {unknown}
 r - a potion of might {unknown}


   Skills:
 - Level 2.4 Dodging
 - Level 2.4 Stealth
 + Level 5.4 Spellcasting
 + Level 1.2 Hexes
 + Level 5.9 Summonings
 + Level 1.0 Necromancy
 + Level 1.0 Transmutations
 + Level 1.1 Ice Magic
 + Level 0.8 Earth Magic


You had one spell level left.
You knew the following spells:

 Your Spells              Type           Power      Damage    Failure   Level
a - Summon Small Mammal   Summ           100%       N/A       1%          1
b - Call Imp              Summ           32%        N/A       1%          2
c - Call Canine Familiar  Summ           32%        N/A       2%          3
d - Ensorcelled Hibernat  Hex/Ice        22%        N/A       9%          2
e - Passwall              Tmut/Erth      8%         N/A       10%         2
f - Vampiric Draining     Necr           10%        2d6       19%         3

Your spell library contained the following spells:

 Spells                   Type           Power      Damage    Failure   Level
 Slow                     Hex            44%        N/A       6%          1
 Foxfire                  Conj/Fire      24%        2x1d5     10%         1
 Magic Dart               Conj           24%        1d4       10%         1
 Summon Guardian Golem    Hex/Summ       21%        N/A       7%          3
 Blink                    Tloc           12%        N/A       14%         2
 Confusing Touch          Hex            11%        N/A       17%         3
 Tukima's Dance           Hex            11%        N/A       17%         3
 Inner Flame              Hex/Fire       8%         N/A       22%         3
 Portal Projectile        Hex/Tloc       16%        N/A       22%         3
 Conjure Flame            Conj/Fire      6%         6-21      28%         3
 Lesser Beckoning         Tloc           6%         N/A       28%         3
 Mephitic Cloud           Conj/Pois/Air  6%         N/A       28%         3
 Swiftness                Air            6%         N/A       28%         3
 Summon Lightning Spire   Summ/Air       19%        N/A       28%         4
 Flame Wave               Conj/Fire      6%         2d5       67%         4
 Blade Hands              Tmut           5%         N/A       87%         5
 Manifold Assault         Tloc           6%         N/A       95%         5


Dungeon Overview and Level Annotations

Branches:
Dungeon (4/15)
 Temple: D:4-7

Altars:
Yredelemnul


Message History

The adder is moderately wounded.
The kobold barely misses you. The adder closely misses you.
You hit the kobold.
You kill the kobold!
Your hound closely misses the adder.
The adder bites you.
An endoplasm comes into view.
Your hound bites the adder.
The adder dies!
Your Transmutations skill increases to level 1!
You see here an adder corpse.
You barely miss the endoplasm.
Your hound bites the endoplasm.
The endoplasm closely misses you.
Your hound bites the endoplasm but does no damage.
You hit the endoplasm.
The endoplasm is poisoned.
The endoplasm is almost dead.
Your hound disappears in a puff of smoke!
The endoplasm freezes you.
You are frozen.
You hit the endoplasm but do no damage.
The endoplasm is almost dead.
The endoplasm freezes you.
You are frozen.
You hit the endoplasm.
You kill the endoplasm!
No target in view!
You now have 182 gold pieces (gained 7).
An ogre comes into view. It is wielding a +0 giant club.
Casting: Call Imp (safe; 1% risk of failure)
Confirm with . or Enter, or press ? or * to list all spells.
Okay, then.
Casting: Call Imp (safe; 1% risk of failure)
Confirm with . or Enter, or press ? or * to list all spells.
A metallic apparition takes form in the air.
The ogre hits you with a +0 giant club!!
Ouch! That really hurt!
* * * LOW HITPOINT WARNING * * *
The ogre attacks as you move away!
The ogre hits you with a +0 giant club!!
Ouch! That really hurt!
You die...

#.# #.# #..# .
#<###.############..#
.
#...................#
###.†...###########.#
#..)....# #########.#
#.#.....# #.........#
#.#....># #5#########
# ####### #.# #@# #O#
#.# #.# #.# #.# #.#
#.#


You could see an ogre (ally target) and a friendly iron imp (summoned).

Vanquished Creatures
  3 orcs (D:4)
  2 endoplasms
  2 goblins (D:1)
  2 hobgoblins
  2 frilled lizards
  A kobold (D:4)
12 creatures vanquished.

Vanquished Creatures (collateral kills)
  Jessica (D:2)
  An orc wizard (D:3)
  8 gnolls
  3 adders
  2 worms (D:2)
  5 orcs
  6 endoplasms
  A giant cockroach (D:2)
  4 goblins
  10 hobgoblins
  A quokka (D:2)
  3 ball pythons (D:2)
  2 bats
  4 frilled lizards
  2 kobolds
  2 rats (D:1)
55 creatures vanquished.

Vanquished Creatures (others)
  17 plants (D:2)
17 creatures vanquished.

Grand Total: 84 creatures vanquished

Notes
Turn   | Place    | Note
-------+----------+-------------------------------------------
     0 | D:1      | flyleaff the Deep Elf Summoner began the quest for the Orb.
     0 | D:1      | Reached XP level 1. HP: 10/10 MP: 6/6
   746 | D:1      | Reached XP level 2. HP: 11/15 MP: 5/8
   749 | D:1      | Learned a level 2 spell: Call Imp
  1319 | D:2      | Found a faded altar of an unknown god.
  1500 | D:2      | Reached skill level 5 in Summonings
  1500 | D:2      | Reached XP level 3. HP: 12/19 MP: 2/10
  1745 | D:2      | Noticed Jessica
  1768 | D:2      | Reached XP level 4. HP: 21/24 MP: 10/12
  1793 | D:2      | Learned a level 3 spell: Call Canine Familiar
  1842 | D:2      | Killed Jessica
  1843 | D:2      | Reached skill level 5 in Spellcasting
  2564 | D:2      | Found a basalt altar of Yredelemnul.
  2828 | D:2      | Learned a level 2 spell: Ensorcelled Hibernation
  2831 | D:2      | Learned a level 2 spell: Passwall
  2835 | D:2      | Learned a level 3 spell: Vampiric Draining
  3144 | D:3      | Reached XP level 5. HP: 28/28 MP: 5/14
  3455 | D:3      | Reached skill level 1 in Hexes
  3716 | D:4      | Reached skill level 1 in Ice Magic
  3722 | D:4      | Reached skill level 1 in Necromancy
  3962 | D:4      | Reached skill level 1 in Transmutations
  4104 | D:4      | Noticed an ogre
  4109 | D:4      | Demolished by an ogre

Illustrated notes

Levels and vault maps discovered:
D:1:      minmay_arrival_up_and_down, layout_loops_corners
D:2:      layout_loops_ring, basic_ecumenical_altar, basic_altar,
          serial_bayou_lake_a, uniq_jessica
D:3:      layout_basic
D:4:      layout_loops_ring, nicolae_overflow_hidden_temple

Skill      XL: |  1  2  3  4  5 |
---------------+----------------+-----
Spellcasting   | 4 5 |  5.4
Summonings     | 5 |  5.9
Hexes          | 1 |  1.2
Ice Magic      | 1 |  1.1
Necromancy     | 1 |  1.0
Transmutations | 1 |  1.0
Dodging        | |  2.4
Stealth        | |  2.4
Earth Magic    | |  0.8

Action                   |  1- 3 |  4- 6 || total
-------------------------+-------+-------++-------
Melee: Unarmed           |     8 |       ||     8
       Dagger            |    12 |    28 ||    40
 Cast: Summon Small Mamm |    37 |       ||    37
       Call Imp          |    12 |    19 ||    31
       Call Canine Famil |       |    19 ||    19
       Ensorcelled Hiber |       |     5 ||     5
  Use: Scroll            |       |     6 ||     6
 Stab: Sleeping          |     3 |     4 ||     7
       Distracted        |       |     1 ||     1
Armor: Robe              |     1 |     9 ||    10
Dodge: Dodged            |    14 |    21 ||    35

Table legend: (Time is in decaauts)
 A = Elapsed time spent in this place.
 B = Non-inter-level travel time spent in this place.
 C = Inter-level travel time spent in this place.
 D = Time resting spent in this place.
 E = Time spent auto-exploring this place.
 F = Levels seen in this place.
 G = Mean time per level.
                   A        B        C        D        E       F      G
               +--------+--------+--------+--------+--------+-----+--------+
         Total |   4134 |   4011 |    123 |    173 |   3059 |   4 | 1033.5 |
       Dungeon |   4134 |   4011 |    123 |    173 |   3059 |   4 | 1033.5 |
               +--------+--------+--------+--------+--------+-----+--------+

Top non-repeatable levels by time:
     D:2: 1560 daAuts
     D:1: 1311 daAuts
     D:3: 852 daAuts
     D:4: 409 daAuts
